 Dungeon Crawl Stone Soup version 0.24-a0-613-g1ff6aac338 (webtiles) character file.

Game seed: 4217223748050624033, levelgen mode: deterministic

113 Jorund the Vexing (level 5, -1/37 HPs)
             Began as a Formicid Arcane Marksman on Sept 11, 2019.
             Slain by a gnoll (8 damage)
             ... on level 3 of the Dungeon.
             The game lasted 00:07:19 (2188 turns).

Jorund the Vexing (Formicid Arcane Marksman)        Turns: 2188, Time: 00:07:20

Health: -1/37      AC:  3    Str: 14    XL:     5   Next: 17%
Magic:  7/7        EV: 12    Int: 16    God:
Gold:   63         SH:  0    Dex: 11    Spells: 4/7 levels left

rFire    . . .     SeeInvis +   i - +3 short sword
rCold    . . .     Gourm    .   (no shield)
rNeg     + . .     Faith    .   e - +1 robe
rPois    .         Spirit   .   (helmet unavailable)
rElec    .         Reflect  .   (no cloak)
rCorr    .         Harm     .   (no gloves)
MR       .....                  (no boots)
Stlth    +.........             m - amulet of regeneration
HPRegen  0.52/turn              n - +2 ring of intelligence
MPRegen  0.10/turn              l - ring of positive energy

@: no status effects
A: permanent stasis, dig shafts and tunnels, four strong arms, antennae 3
a: Dig, Shaft Self


You were on level 3 of the Dungeon.
You were hungry.

You visited 1 branch of the dungeon, and saw 3 of its levels.

You collected 63 gold pieces.

Inventory:

Hand Weapons
 a - a +1 hand crossbow
 i - a +3 short sword (weapon)
 o - a +0 hand axe
Missiles
 b - 2 curare-tipped darts (quivered)
 d - 16 bolts
Armour
 e - a +1 robe (worn)
Jewellery
 l - a ring of positive energy (right hand)
 m - an amulet of regeneration (around neck)
 n - a +2 ring of intelligence (left hand)
 p - an uncursed amulet of guardian spirit {unknown}
Scrolls
 c - 2 scrolls of teleportation
 r - a scroll of enchant armour
Comestibles
 f - 4 rations
 q - 2 chunks of flesh


   Skills:
 - Level 1.1 Fighting
 + Level 3.4 Crossbows
 - Level 1.7 Dodging
 + Level 1.6 Spellcasting
 + Level 5.3 Hexes


You had 4 spell levels left.
You knew the following spells:

 Your Spells              Type           Power        Failure   Level  Hunger
a - Corona                Hex            ###....      2%          1    ##.....
b - Slow                  Hex            ###.....     3%          2    ###....

Your spell library contained the following spells:

 Spells                   Type           Power        Failure   Level  Hunger
 Inner Flame              Hex/Fire       #.......     22%         3    ####...
 Portal Projectile        Hex/Tloc       #.....       22%         3    ####...
 Cause Fear               Hex            ###.......   24%         4    #####..
 Leda's Liquefaction      Hex/Erth       #.........   58%         4    #####..


Dungeon Overview and Level Annotations

Branches:
Dungeon (3/15)

Altars:
Elyvilon
Hepliaklqana


Innate Abilities, Weirdness & Mutations

You cannot be hasted, slowed, berserked, paralysed or teleported.
You can dig through walls and to a lower floor.
Your four strong arms can wield two-handed weapons with a shield.
You have a pair of large antennae on your head. (SInv)


Message History

You throw a curare-tipped dart. The curare-tipped dart hits the gnoll.
The gnoll is poisoned.
The gnoll convulses.
The gnoll seems to slow down.
The gnoll is almost dead.
You kill the gnoll!
Throwing (i - inventory)
b - 4 curare-tipped darts (quivered)
Press: ? - help, Shift-Dir - straight line, f/p - gnoll
Aim: a gnoll You throw a curare-tipped dart.
The curare-tipped dart closely misses the gnoll.
The gnoll hits you!
* * * LOW HITPOINT WARNING * * *
Found a bubbling cyan potion.
Throwing (i - inventory)
b - 3 curare-tipped darts (quivered)
Press: ? - help, Shift-Dir - straight line, f/p - gnoll
Aim: a gnoll You throw a curare-tipped dart.
The curare-tipped dart hits the gnoll.
The gnoll is poisoned.
The gnoll convulses.
The gnoll seems to slow down.
The gnoll is severely wounded.
The gnoll hits you!
You die...

#.......# ......
#...g...# .####.
#.......# #.
####.#### #. #.# {
#. ####(#### { #
#. #.......#
#####..# #.##)##{#
#...!..#
#.##.##.### #@#
#.##......######g#
#g#####.#(..)....#
#.#####.##########
#..g.<..#
#########


You could see a gnoll.

Vanquished Creatures
  2 gnolls (D:3)
  2 adders
  3 worms
  A dart slug (D:1)
  4 leopard geckos
  4 orcs
  A ball python (D:1)
  5 giant cockroaches
  8 goblins
  7 hobgoblins
  4 kobolds
  A quokka (D:2)
  7 bats
  3 frilled lizards
  6 rats
58 creatures vanquished.

Notes
Turn   | Place    | Note
-------+----------+-------------------------------------------
     0 | D:1      | Jorund the Formicid Arcane Marksman began the quest for the
                  | Orb.
     0 | D:1      | Reached XP level 1. HP: 15/15 MP: 2/2
   107 | D:1      | Reached skill level 4 in Hexes
   111 | D:1      | Reached XP level 2. HP: 13/21 MP: 2/4
   532 | D:1      | Reached XP level 3. HP: 26/26 MP: 5/5
   748 | D:2      | Learned a level 2 spell: Slow
   754 | D:2      | Found a white marble altar of Elyvilon.
  1200 | D:2      | Reached XP level 4. HP: 21/32 MP: 6/6
  1241 | D:2      | Reached skill level 5 in Hexes
  1606 | D:2      | Found a hazy altar of Hepliaklqana.
  2110 | D:3      | Reached XP level 5. HP: 37/37 MP: 7/7
  2188 | D:3      | Slain by a gnoll

Levels and vault maps discovered:
D:1:      ebering_trefoil_twist, layout_rooms, hangedman_decor_slide_cut
D:2:      layout_basic, lemuel_round_altar, nicolae_overflow_crystal_walls,
          first_ration
D:3:      layout_loops_cross, lemuel_coloured_pillars_altar,
          chequers_mini_garden

Skill      XL: |  1  2  3  4 |
---------------+-------------+-----
Hexes          | 4 5 |  5.3
Crossbows      | 3 |  3.4
Fighting       | |  1.1
Dodging        | |  1.7
Spellcasting   | |  1.6

Action                   |  1- 3 |  4- 6 || total
-------------------------+-------+-------++-------
Melee: Short sword       |   107 |    15 ||   122
 Fire: Hand crossbow     |     4 |    66 ||    70
Throw: Dart              |       |     5 ||     5
 Cast: Slow              |       |     6 ||     6
       Corona            |       |     1 ||     1
  Use: Scroll            |     4 |     2 ||     6
       Potion            |       |     3 ||     3
 Stab: Sleeping          |     1 |       ||     1
  Eat: Chunk             |     1 |     3 ||     4
Armor: Robe              |    22 |    13 ||    35
Dodge: Dodged            |    78 |    57 ||   135

Table legend:
 A = Non-vault XP
 B = Vault XP
 C = Vault XP percentage of total XP
 D = Non-vault monster count
 E = Vault monster count
 F = Vault count percentage of total count
                 A         B        C        D         E       F
            +---------+---------+-------+---------+---------+-------
      Total |     162 |       0 |   0.0 |      58 |       0 |   0.0
            +---------+---------+-------+---------+---------+-------
        D:1 |      38 |       0 |   0.0 |      22 |       0 |   0.0
        D:2 |      64 |       0 |   0.0 |      26 |       0 |   0.0
        D:3 |      60 |       0 |   0.0 |      10 |       0 |   0.0
            +---------+---------+-------+---------+---------+-------
